Golden Knights vs Flames

Created - 8 novembre 2021 at 16:00

Goals
1 2 3 T
Golden Knights 1 0 1 2
Flames 0 2 1 3
Shots
1 2 3 T
Golden Knights 12 9 5 26
Flames 5 9 7 21

GoalsPenalties
1st period
1. Golden Knights , Mark Pysyk 1 (Max Comtois 1, Jordan Martinook 2) at 8:12
No Penalty
2nd period
2. Flames , Elias Lindholm 2 (Ryan Nugent-Hopkins 2) at 6:06
3. Flames , Noah Hanifin 1 (Matthew Tkachuk 3, Mikael Backlund 5) at 18:55
Kyle Palmieri (CAL) for Interference (Minor) at 10:06
Blake Coleman (VGK) for High sticking (Minor) at 10:29
Paul Stastny (CAL) for Charging (Minor) at 12:46
Erik Gudbranson (CAL) for Roughing (Minor) at 13:56
Rasmus Andersson (CAL) for Holding (Minor) at 17:24
Blake Coleman (VGK) for Hooking (Minor) at 18:19
3rd period
4. Flames , Elias Lindholm 3 (Erik Gudbranson 3) at 16:59
5. Golden Knights , Luke Glendening 2 (Cale Makar 5, Tyler Myers 6) at 17:39
Erik Gudbranson (CAL) for Delaying the game (Minor) at 2:37
Mark Pysyk (VGK) for Hooking (Minor) at 11:38
Goalie Stats
Jonathan Bernier (VGK), 18 saves from 21 shots - (0,857), L, 0-3-0, 59:33 minutes
Mackenzie Blackwood (CAL), 24 saves from 26 shots - (0,923), W, 3-1-0, 60:00 minutes
3 StarsOfficial
1 - Elias Lindholm (CAL)
2 - Noah Hanifin (CAL)
3 - Luke Glendening (VGK)
Referees : Chris Rooney and Chris Lee
Linesman : Darren Gibbs and Brian Murphy
Game Note
No Game Note
Finance
Level 1 -- Attendance: 3691 (73,82%) -- Ticket Income 369 100 $
Level 2 -- Attendance: 2058 (51,45%) -- Ticket Income 164 640 $
Level 3 -- Attendance: 1539 (51,30%) -- Ticket Income 92 340 $
Level 4 -- Attendance: 1980 (49,50%) -- Ticket Income 79 200 $
Luxury Box -- Attendance: 679 (67,90%) -- Ticket Income 135 800 $
Game was played at the ScotiaBank Saddledome.
Total Attendance: 9947 (58,51%)
Total Ticket Income: 841 080 $
Other Income: 412 129 $
Total Income: 1 253 209 $



Team Name Goals Shots Shots Attemp Shots Blocked PIM HIT PP PK FO%
Golden Knights 22656116210 / 5 (0%)051%
Flames 32147810240 / 3 (0%)049%

Golden Knights
Player Name POS G A P +/- PIM HIT SHT SB MP PP MP PP SHT PK MP PK SHT FO% FOT
Adam GaudetteC0001000110:370:0001:39067% 3
Anthony DuclairLW/RW0000002020:133:3401:380100% 2
Artem AnisimovC/LW0000001016:363:3400:000100% 1
Blake ColemanC/LW/RW0000415018:213:3201:02038% 21
Blake ComeauLW/RW0000071017:102:5200:0000% 0
Cale MakarD0110011125:293:2311:4200% 0
Cody EakinC000102117:440:0000:00067% 9
Evgenii DadonovLW/RW000-1005018:362:5200:0000% 0
Jake WalmanD000-1000113:330:0000:0000% 0
Joel EdmundsonD000-1011417:553:0301:4500% 0
Jordan MartinookC/LW/RW011-1002012:240:0000:36046% 13
Luke GlendeningC/RW101101208:290:0000:00050% 2
Mark PysykD1010201020:273:0000:4200% 0
Matt DucheneC/LW000-1002020:152:5201:39054% 26
Matt TennysonD0000040218:100:0301:4700% 0
Max ComtoisLW/RW011-1021011:480:0000:0000% 1
Tanner JeannotLW000-1011011:480:0000:0000% 0
Tyler MyersD0110010124:253:2300:3800% 0
Flames
Player Name POS G A P +/- PIM HIT SHT SB MP PP MP PP SHT PK MP PK SHT FO% FOT
Andrew CoppC/LW000-1013018:561:3404:00138% 8
Andrew MangiapaneLW/RW000-100007:230:0000:0000% 0
Anze KopitarC0000011116:311:4301:42060% 20
Calle JarnkrokC/LW/RW000-100109:050:0001:421100% 1
Christopher TanevD0000000019:350:0003:4300% 0
Derek StepanC000-1002011:510:0003:55050% 8
Elias LindholmC/RW2022015018:121:4310:44047% 19
Erik GudbransonD0110490217:421:4701:1500% 0
Esa LindellD0000031222:311:3002:4300% 0
Kyle PalmieriRW0002201013:450:0000:0000% 1
Marco ScandellaD0001020119:160:0002:4300% 0
Matthew TkachukLW/RW0110012015:371:3400:0000% 1
Mikael BacklundC/RW0110001015:371:3400:00044% 18
Noah HanifinD1011011119:580:0001:3000% 0
Patrik LaineLW/RW0000020014:361:3000:0000% 0
Paul StastnyC/LW0000201013:050:0000:0000% 1
Rasmus AnderssonD0000232119:251:4700:5700% 0
Ryan Nugent-HopkinsC/LW0112000016:551:4300:000100% 1

Golden Knights

5 vs 5 Forward
Line #Left WingCenterRight WingPHYDFOFWanted %Time %Time Play
1Artem AnisimovBlake ColemanAnthony Duclair1223028%13:02
2Evgenii DadonovMatt DucheneBlake Comeau1223031%14:18
3Max ComtoisJordan MartinookTanner Jeannot1222425%11:48
4Adam GaudetteCody EakinLuke Glendening1221617%7:44
5 vs 5 Defense
Line #DefenseDefensePHYDFOFWanted %Time %Time Play
1Cale MakarTyler Myers1223027%12:43
2Matt TennysonMark Pysyk1223032%14:53
3Joel EdmundsonJake Walman1222429%13:33
4Cale MakarTyler Myers1221612%5:43
Power Play Forward
Line #Left WingCenterRight WingPHYDFOFWanted %Time %Time Play
1Artem AnisimovBlake ColemanAnthony Duclair1225055%3:34
2Evgenii DadonovMatt DucheneBlake Comeau1225045%2:52
Power Play Defense
Line #DefenseDefensePHYDFOFWanted %Time %Time Play
1Cale MakarTyler Myers1225053%3:23
2Joel EdmundsonMark Pysyk1225047%3:03
Penalty Kill 4 Players Forward
Line #CenterWingPHYDFOFWanted %Time %Time Play
1Blake ColemanAnthony Duclair1225050%1:38
2Matt DucheneAdam Gaudette1225050%1:39
Penalty Kill 4 Players Defense
Line #DefenseDefensePHYDFOFWanted %Time %Time Play
1Joel EdmundsonCale Makar1225038%1:14
2Matt TennysonMark Pysyk1225062%2:03
Penalty Kill 3 Players
Line #WingPHYDFOFWanted %Time %Time PlayDefenseDefensePHYDFOFWanted %Time %Time Play
1Luke Glendening122500%0:00 Joel EdmundsonMatt Tennyson122500%0:00
2Blake Coleman122500%0:00 Cale MakarTyler Myers122500%0:00
4 vs 4 Forward
Line #CenterWingPHYDFOFWanted %Time %Time Play
1Blake ColemanAnthony Duclair1225046%1:14
2Matt DucheneEvgenii Dadonov1225054%1:26
4 vs 4 Defense
Line #DefensePHYDFOFWanted %Time %Time Play
1Cale MakarTyler Myers1225049%50% - 1:18
2Matt TennysonMark Pysyk1225051%50% - 1:22
Last Minutes Offensive
Left WingCenterRight WingDefenseDefense
Anthony DuclairBlake ColemanLuke GlendeningCale MakarTyler Myers
Last Minutes Defensive
Left WingCenterRight WingDefenseDefense
Anthony DuclairBlake ColemanLuke GlendeningCale MakarTyler Myers
Time
Total ForwardTotal DefenseLast Minutes OffensiveLast Minutes Defensive
60:00 60:00 0:450:00
Extra Forwards
Normal PowerPlayPenalty Kill
Adam Gaudette, Max Comtois, Jordan MartinookAdam Gaudette, Max ComtoisJordan Martinook
Extra Defensemen
Normal PowerPlayPenalty Kill
Matt Tennyson, Tyler Myers, Joel EdmundsonMatt Tennyson, Cale MakarJoel Edmundson
Penalty Shots
Blake Coleman, Anthony Duclair, Matt Duchene, Luke Glendening, Evgenii Dadonov
Goalie
Jonathan Bernier, Philipp Grubauer
Custom OT Lines Forwards
Blake Coleman, Anthony Duclair, Matt Duchene, Luke Glendening, Evgenii Dadonov, Blake Comeau, Max Comtois, Jordan Martinook, Cody Eakin, Artem Anisimov
Custom OT Lines Defensemen
Cale Makar, Tyler Myers, Joel Edmundson, Mark Pysyk, Matt Tennyson
Scratches
Conor Sheary (Healthy), Tyler Lewington (Healthy), Jordan Szwarz (Healthy)

Flames

5 vs 5 Forward
Line #Left WingCenterRight WingPHYDFOFWanted %Time %Time Play
1Ryan Nugent-HopkinsElias LindholmKyle Palmieri1223029%13:46
2Paul StastnyAnze KopitarPatrik Laine1222728%13:06
3Andrew CoppMikael BacklundMatthew Tkachuk1222727%12:49
4Andrew MangiapaneDerek StepanCalle Jarnkrok1221616%7:23
5 vs 5 Defense
Line #DefenseDefensePHYDFOFWanted %Time %Time Play
1Esa LindellChristopher Tanev1223633%15:19
2Noah HanifinRasmus Andersson1223434%16:13
3Marco ScandellaErik Gudbranson1223031%14:41
4Esa LindellNoah Hanifin12202%0:51
Power Play Forward
Line #Left WingCenterRight WingPHYDFOFWanted %Time %Time Play
1Ryan Nugent-HopkinsAnze KopitarElias Lindholm1225552%1:43
2Andrew CoppMikael BacklundMatthew Tkachuk1224548%1:34
Power Play Defense
Line #DefenseDefensePHYDFOFWanted %Time %Time Play
1Esa LindellPatrik Laine1225546%1:30
2Erik GudbransonRasmus Andersson1224554%1:47
Penalty Kill 4 Players Forward
Line #CenterWingPHYDFOFWanted %Time %Time Play
1Andrew CoppDerek Stepan1225570%3:55
2Anze KopitarCalle Jarnkrok1224530%1:42
Penalty Kill 4 Players Defense
Line #DefenseDefensePHYDFOFWanted %Time %Time Play
1Esa LindellMarco Scandella1225047%2:38
2Christopher TanevErik Gudbranson1225053%2:59
Penalty Kill 3 Players
Line #WingPHYDFOFWanted %Time %Time PlayDefenseDefensePHYDFOFWanted %Time %Time Play
1Andrew Copp1225010%0:05 Esa LindellMarco Scandella1225010%0:05
2Elias Lindholm1225090%0:44 Christopher TanevErik Gudbranson1225090%0:44
4 vs 4 Forward
Line #CenterWingPHYDFOFWanted %Time %Time Play
1Elias LindholmRyan Nugent-Hopkins1225054%1:26
2Mikael BacklundMatthew Tkachuk1225046%1:14
4 vs 4 Defense
Line #DefensePHYDFOFWanted %Time %Time Play
1Esa LindellMarco Scandella1225048%50% - 1:16
2Noah HanifinRasmus Andersson1225053%50% - 1:24
Last Minutes Offensive
Left WingCenterRight WingDefenseDefense
Ryan Nugent-HopkinsAnze KopitarElias LindholmEsa LindellPatrik Laine
Last Minutes Defensive
Left WingCenterRight WingDefenseDefense
Andrew CoppDerek StepanElias LindholmEsa LindellChristopher Tanev
Time
Total ForwardTotal DefenseLast Minutes OffensiveLast Minutes Defensive
60:00 60:00 0:000:33
Extra Forwards
Normal PowerPlayPenalty Kill
Patrik Laine, Elias Lindholm, Anze KopitarPaul Stastny, Andrew MangiapaneAndrew Mangiapane
Extra Defensemen
Normal PowerPlayPenalty Kill
Marco Scandella, Esa Lindell, Christopher TanevNoah Hanifin, Noah HanifinRasmus Andersson
Penalty Shots
Patrik Laine, Anze Kopitar, Ryan Nugent-Hopkins, Elias Lindholm, Matthew Tkachuk
Goalie
Mackenzie Blackwood, Casey DeSmith
Custom OT Lines Forwards
Elias Lindholm, Ryan Nugent-Hopkins, Anze Kopitar, Patrik Laine, Matthew Tkachuk, Mikael Backlund, Andrew Copp, Kyle Palmieri, Paul Stastny, Calle Jarnkrok
Custom OT Lines Defensemen
Esa Lindell, Noah Hanifin, Christopher Tanev, Marco Scandella, Rasmus Andersson
Scratches
Korbinian Holzer (Healthy), Mirco Mueller (Healthy), Kevin Rooney (Healthy)


Play-by-Play

1st period


0:01 of 1st period - Ryan Nugent-Hopkins wins face-off versus Blake Coleman in neutral zone.
0:05 of 1st period - Off-side.
0:06 of 1st period - Matt Duchene wins face-off versus Anze Kopitar in neutral zone.
0:27 of 1st period - Icing by Noah Hanifin.
0:28 of 1st period - Anze Kopitar wins face-off versus Jordan Martinook in Flames zone.
0:42 of 1st period - Anze Kopitar is hit by Joel Edmundson and loses puck.
1:03 of 1st period - Shot by Jordan Martinook.
1:03 of 1st period - Stopped by Mackenzie Blackwood without a rebound.
1:04 of 1st period - Blake Coleman wins face-off versus Mikael Backlund in Flames zone.
1:04 of 1st period - Tyler Myers is hit by Erik Gudbranson and loses puck.
1:12 of 1st period - Mikael Backlund is hit by Cale Makar.
1:20 of 1st period - Shot by Andrew Copp.
1:20 of 1st period - Shot Misses the Net.
1:22 of 1st period - Shot by Andrew Copp.
1:22 of 1st period - Stopped by Jonathan Bernier without a rebound.
1:23 of 1st period - Cody Eakin wins face-off versus Elias Lindholm in Golden Knights zone.
1:34 of 1st period - Shot by Cody Eakin.
1:34 of 1st period - Stopped by Mackenzie Blackwood without a rebound.
1:35 of 1st period - Derek Stepan wins face-off versus Matt Duchene in Flames zone.
1:35 of 1st period - Derek Stepan is hit by Blake Comeau.
1:45 of 1st period - Shot by Matt Duchene.
1:45 of 1st period - Stopped by Mackenzie Blackwood without a rebound.
1:46 of 1st period - Blake Coleman wins face-off versus Elias Lindholm in Flames zone.
2:22 of 1st period - Blake Coleman is hit by Esa Lindell and loses puck.
2:26 of 1st period - Icing by Christopher Tanev.
2:27 of 1st period - Elias Lindholm wins face-off versus Cody Eakin in Flames zone.
2:27 of 1st period - Elias Lindholm is hit by Cody Eakin.
2:36 of 1st period - Ryan Nugent-Hopkins is hit by Matt Tennyson and loses puck.
2:41 of 1st period - Shot by Elias Lindholm.
2:41 of 1st period - Shot Misses the Net.
3:15 of 1st period - Shot by Andrew Copp.
3:15 of 1st period - Shot Blocked by Adam Gaudette.
3:40 of 1st period - Mikael Backlund is hit by Luke Glendening and loses puck.
3:46 of 1st period - Off-side.
3:47 of 1st period - Matt Duchene wins face-off versus Derek Stepan in neutral zone.
3:55 of 1st period - Evgenii Dadonov is hit by Noah Hanifin and loses puck.
4:00 of 1st period - Shot by Evgenii Dadonov.
4:00 of 1st period - Stopped by Mackenzie Blackwood without a rebound.
4:01 of 1st period - Anze Kopitar wins face-off versus Jordan Martinook in Flames zone.
4:10 of 1st period - Shot by Anze Kopitar.
4:10 of 1st period - Shot Blocked by Joel Edmundson.
4:12 of 1st period - Shot by Anze Kopitar.
4:12 of 1st period - Stopped by Jonathan Bernier without a rebound.
4:13 of 1st period - Matt Duchene wins face-off versus Derek Stepan in Golden Knights zone.
4:21 of 1st period - Tyler Myers is hit by Rasmus Andersson and loses puck.
4:28 of 1st period - Shot by Evgenii Dadonov.
4:28 of 1st period - Shot Misses the Net.
5:05 of 1st period - Icing by Andrew Mangiapane.
5:06 of 1st period - Derek Stepan wins face-off versus Jordan Martinook in Flames zone.
5:06 of 1st period - Derek Stepan is hit by Max Comtois.
5:41 of 1st period - Calle Jarnkrok is hit by Tanner Jeannot and loses puck.
6:00 of 1st period - Shot by Artem Anisimov.
6:00 of 1st period - Deflect By Anthony Duclair.
6:00 of 1st period - Shot Misses the Net.
6:02 of 1st period - Shot by Blake Coleman.
6:02 of 1st period - Stopped by Mackenzie Blackwood with a rebound.
6:04 of 1st period - Shot by Blake Coleman.
6:04 of 1st period - Shot Misses the Net.
6:06 of 1st period - Shot by Blake Coleman.
6:06 of 1st period - Shot Misses the Net.
6:08 of 1st period - Shot by Blake Coleman.
6:08 of 1st period - Shot Misses the Net.
6:24 of 1st period - Shot by Blake Coleman.
6:24 of 1st period - Shot Misses the Net.
6:26 of 1st period - Shot by Blake Coleman.
6:26 of 1st period - Stopped by Mackenzie Blackwood without a rebound.
6:27 of 1st period - Matt Duchene wins face-off versus Elias Lindholm in Flames zone.
6:30 of 1st period - Shot by Evgenii Dadonov.
6:30 of 1st period - Stopped by Mackenzie Blackwood without a rebound.
6:31 of 1st period - Anze Kopitar wins face-off versus Matt Duchene in Flames zone.
6:31 of 1st period - Anze Kopitar is hit by Blake Comeau.
6:39 of 1st period - Shot by Paul Stastny.
6:39 of 1st period - Stopped by Jonathan Bernier with a rebound.
6:53 of 1st period - Shot by Matt Duchene.
6:53 of 1st period - Shot Misses the Net.
8:01 of 1st period - Shot by Joel Edmundson.
8:01 of 1st period - Stopped by Mackenzie Blackwood without a rebound.
8:02 of 1st period - Jordan Martinook wins face-off versus Mikael Backlund in Flames zone.
8:02 of 1st period - Max Comtois is hit by Erik Gudbranson and loses puck.
8:12 of 1st period - Shot by Mark Pysyk.
8:12 of 1st period - Goal by Mark Pysyk - Golden Knights : 1 - Flames : 0.
8:13 of 1st period - Cody Eakin wins face-off versus Mikael Backlund in neutral zone.
8:24 of 1st period - Shot by Andrew Copp.
8:24 of 1st period - Stopped by Jonathan Bernier with a rebound.
8:34 of 1st period - Shot by Adam Gaudette.
8:34 of 1st period - Shot Misses the Net.
8:51 of 1st period - Off-side.
8:52 of 1st period - Elias Lindholm wins face-off versus Jordan Martinook in neutral zone.
9:04 of 1st period - Kyle Palmieri is hit by Matt Tennyson and loses puck.
9:23 of 1st period - Shot by Ryan Nugent-Hopkins.
9:23 of 1st period - Shot Misses the Net.
9:25 of 1st period - Shot by Kyle Palmieri.
9:25 of 1st period - Shot Misses the Net.
9:38 of 1st period - Ryan Nugent-Hopkins is hit by Matt Tennyson and loses puck.
10:01 of 1st period - Paul Stastny is hit by Matt Tennyson and loses puck.
10:36 of 1st period - Icing by Matt Tennyson.
10:37 of 1st period - Jordan Martinook wins face-off versus Mikael Backlund in Golden Knights zone.
11:31 of 1st period - Elias Lindholm is hit by Blake Comeau and loses puck.
12:02 of 1st period - Shot by Anthony Duclair.
12:02 of 1st period - Stopped by Mackenzie Blackwood without a rebound.
12:03 of 1st period - Cody Eakin wins face-off versus Anze Kopitar in Flames zone.
12:28 of 1st period - Shot by Patrik Laine.
12:28 of 1st period - Shot Misses the Net.
12:34 of 1st period - Shot by Paul Stastny.
12:34 of 1st period - Shot Blocked by Cody Eakin.
12:36 of 1st period - Shot by Patrik Laine.
12:36 of 1st period - Shot Blocked by Joel Edmundson.
13:32 of 1st period - Shot by Anthony Duclair.
13:32 of 1st period - Stopped by Mackenzie Blackwood without a rebound.
13:33 of 1st period - Matt Duchene wins face-off versus Elias Lindholm in Flames zone.
14:28 of 1st period - Shot by Tanner Jeannot.
14:28 of 1st period - Shot Misses the Net.
14:30 of 1st period - Shot by Jordan Martinook.
14:30 of 1st period - Stopped by Mackenzie Blackwood without a rebound.
14:31 of 1st period - Anthony Duclair wins face-off versus Mikael Backlund in Flames zone.
14:40 of 1st period - Shot by Artem Anisimov.
14:40 of 1st period - Shot Misses the Net.
15:16 of 1st period - Shot by Matthew Tkachuk.
15:16 of 1st period - Stopped by Jonathan Bernier without a rebound.
15:17 of 1st period - Anze Kopitar wins face-off versus Matt Duchene in Golden Knights zone.
15:37 of 1st period - Shot by Anze Kopitar.
15:37 of 1st period - Deflect By Patrik Laine.
15:37 of 1st period - Shot Misses the Net.
16:19 of 1st period - Icing by Joel Edmundson.
16:20 of 1st period - Matt Duchene wins face-off versus Mikael Backlund in Golden Knights zone.
16:51 of 1st period - Shot by Matthew Tkachuk.
16:51 of 1st period - Shot Blocked by Joel Edmundson.
16:53 of 1st period - Shot by Christopher Tanev.
16:53 of 1st period - Shot Misses the Net.
17:33 of 1st period - Anthony Duclair is hit by Erik Gudbranson and loses puck.
17:45 of 1st period - Anthony Duclair is hit by Erik Gudbranson and loses puck.
18:42 of 1st period - Shot by Max Comtois.
18:42 of 1st period - Deflect By Jordan Martinook.
18:42 of 1st period - Shot Misses the Net.
19:50 of 1st period - Anthony Duclair is hit by Patrik Laine and loses puck.
Goals for this period are 1 for Golden Knights vs 0 for Flames.
Shots for this period are 12 for Golden Knights vs 5 for Flames.

2nd period


0:01 of 2nd period - Blake Coleman wins face-off versus Elias Lindholm in neutral zone.
0:07 of 2nd period - Icing by Christopher Tanev.
0:08 of 2nd period - Elias Lindholm wins face-off versus Blake Coleman in Flames zone.
0:49 of 2nd period - Shot by Blake Coleman.
0:49 of 2nd period - Shot Blocked by Esa Lindell.
1:06 of 2nd period - Shot by Max Comtois.
1:06 of 2nd period - Deflect By Tanner Jeannot.
1:06 of 2nd period - Stopped by Mackenzie Blackwood without a rebound.
1:07 of 2nd period - Mikael Backlund wins face-off versus Matt Duchene in Flames zone.
1:07 of 2nd period - Mikael Backlund is hit by Blake Comeau.
1:37 of 2nd period - Shot by Mikael Backlund.
1:37 of 2nd period - Stopped by Jonathan Bernier without a rebound.
1:38 of 2nd period - Anze Kopitar wins face-off versus Max Comtois in Golden Knights zone.
2:13 of 2nd period - Icing by Matt Tennyson.
2:14 of 2nd period - Jordan Martinook wins face-off versus Mikael Backlund in Golden Knights zone.
2:39 of 2nd period - Shot by Andrew Copp.
2:39 of 2nd period - Shot Blocked by Matt Tennyson.
3:25 of 2nd period - Shot by Blake Coleman.
3:25 of 2nd period - Stopped by Mackenzie Blackwood with a rebound.
4:33 of 2nd period - Shot by Kyle Palmieri.
4:33 of 2nd period - Stopped by Jonathan Bernier without a rebound.
4:34 of 2nd period - Anze Kopitar wins face-off versus Cody Eakin in Golden Knights zone.
6:06 of 2nd period - Shot by Elias Lindholm.
6:06 of 2nd period - Goal by Elias Lindholm - Golden Knights : 1 - Flames : 1.
6:07 of 2nd period - Matt Duchene wins face-off versus Derek Stepan in neutral zone.
6:22 of 2nd period - Shot by Evgenii Dadonov.
6:22 of 2nd period - Shot Misses the Net.
6:24 of 2nd period - Shot by Blake Comeau.
6:24 of 2nd period - Stopped by Mackenzie Blackwood without a rebound.
6:25 of 2nd period - Blake Coleman wins face-off versus Anze Kopitar in Flames zone.
7:01 of 2nd period - Shot by Anthony Duclair.
7:01 of 2nd period - Shot Hit the Post.
7:03 of 2nd period - Shot by Anthony Duclair.
7:03 of 2nd period - Shot Misses the Net.
8:29 of 2nd period - Shot by Rasmus Andersson.
8:29 of 2nd period - Stopped by Jonathan Bernier without a rebound.
8:30 of 2nd period - Mikael Backlund wins face-off versus Jordan Martinook in Golden Knights zone.
9:37 of 2nd period - Shot by Blake Coleman.
9:37 of 2nd period - Stopped by Mackenzie Blackwood without a rebound.
9:38 of 2nd period - Derek Stepan wins face-off versus Matt Duchene in Flames zone.
9:38 of 2nd period - Derek Stepan is hit by Blake Comeau.
9:54 of 2nd period - Evgenii Dadonov is hit by Erik Gudbranson and loses puck.
9:57 of 2nd period - Shot by Evgenii Dadonov.
9:57 of 2nd period - Stopped by Mackenzie Blackwood without a rebound.
9:58 of 2nd period - Blake Coleman wins face-off versus Elias Lindholm in Flames zone.
10:06 of 2nd period - Minor Penalty to Kyle Palmieri for Interference.
10:07 of 2nd period - Matt Duchene wins face-off versus Andrew Copp in Flames zone.
10:12 of 2nd period - Shot by Cale Makar.
10:12 of 2nd period - Stopped by Mackenzie Blackwood without a rebound.
10:13 of 2nd period - Andrew Copp wins face-off versus Blake Coleman in Flames zone.
10:29 of 2nd period - Minor Penalty to Blake Coleman for High sticking.
10:30 of 2nd period - Matt Duchene wins face-off versus Elias Lindholm in Golden Knights zone.
10:36 of 2nd period - Icing by Evgenii Dadonov.
10:37 of 2nd period - Matt Duchene wins face-off versus Mikael Backlund in Golden Knights zone.
10:50 of 2nd period - Shot by Evgenii Dadonov.
10:50 of 2nd period - Stopped by Mackenzie Blackwood without a rebound.
10:51 of 2nd period - Elias Lindholm wins face-off versus Adam Gaudette in Flames zone.
11:11 of 2nd period - Anthony Duclair is hit by Marco Scandella and loses puck.
11:42 of 2nd period - Shot by Cale Makar.
11:42 of 2nd period - Shot Misses the Net.
12:42 of 2nd period - Shot by Derek Stepan.
12:42 of 2nd period - Stopped by Jonathan Bernier without a rebound.
12:43 of 2nd period - Cody Eakin wins face-off versus Paul Stastny in Golden Knights zone.
12:43 of 2nd period - Cody Eakin is hit by Anze Kopitar.
12:46 of 2nd period - Minor Penalty to Paul Stastny for Charging.
12:47 of 2nd period - Matt Duchene wins face-off versus Andrew Copp in Flames zone.
13:55 of 2nd period - Blake Coleman is hit by Erik Gudbranson and loses puck.
13:56 of 2nd period - Minor Penalty to Erik Gudbranson for Roughing.
13:57 of 2nd period - Elias Lindholm wins face-off versus Blake Coleman in Flames zone.
14:48 of 2nd period - Shot by Matt Duchene.
14:48 of 2nd period - Deflect By Blake Comeau.
14:48 of 2nd period - Shot Misses the Net.
15:06 of 2nd period - Shot by Matt Duchene.
15:06 of 2nd period - Shot Misses the Net.
15:24 of 2nd period - Shot by Cale Makar.
15:24 of 2nd period - Shot Blocked by Rasmus Andersson.
15:40 of 2nd period - Shot by Blake Coleman.
15:40 of 2nd period - Shot Misses the Net.
16:13 of 2nd period - Off-side.
16:14 of 2nd period - Anze Kopitar wins face-off versus Jordan Martinook in neutral zone.
16:29 of 2nd period - Icing by Marco Scandella.
16:30 of 2nd period - Cody Eakin wins face-off versus Anze Kopitar in Flames zone.
16:31 of 2nd period - Shot by Luke Glendening.
16:31 of 2nd period - Shot Blocked by Erik Gudbranson.
16:33 of 2nd period - Shot by Cody Eakin.
16:33 of 2nd period - Shot Blocked by Anze Kopitar.
16:35 of 2nd period - Shot by Luke Glendening.
16:35 of 2nd period - Shot Blocked by Marco Scandella.
16:37 of 2nd period - Shot by Luke Glendening.
16:37 of 2nd period - Stopped by Mackenzie Blackwood without a rebound.
16:38 of 2nd period - Matt Duchene wins face-off versus Elias Lindholm in Flames zone.
16:38 of 2nd period - Matt Duchene is hit by Rasmus Andersson.
16:48 of 2nd period - Shot by Matt Duchene.
16:48 of 2nd period - Stopped by Mackenzie Blackwood with a rebound.
16:51 of 2nd period - Icing by Noah Hanifin.
16:52 of 2nd period - Elias Lindholm wins face-off versus Jordan Martinook in Flames zone.
16:52 of 2nd period - Noah Hanifin is hit by Max Comtois and loses puck.
17:06 of 2nd period - Noah Hanifin is hit by Tyler Myers and loses puck.
17:20 of 2nd period - Tanner Jeannot is hit by Rasmus Andersson and loses puck.
17:24 of 2nd period - Minor Penalty to Rasmus Andersson for Holding.
17:25 of 2nd period - Andrew Copp wins face-off versus Matt Duchene in Flames zone.
17:36 of 2nd period - Andrew Copp is hit by Blake Comeau and loses puck.
17:53 of 2nd period - Shot by Andrew Copp.
17:53 of 2nd period - Stopped by Jonathan Bernier without a rebound.
17:54 of 2nd period - Anze Kopitar wins face-off versus Blake Coleman in Golden Knights zone.
17:55 of 2nd period - Shot by Calle Jarnkrok.
17:55 of 2nd period - Stopped by Jonathan Bernier without a rebound.
17:56 of 2nd period - Artem Anisimov wins face-off versus Andrew Copp in Golden Knights zone.
18:19 of 2nd period - Minor Penalty to Blake Coleman for Hooking.
18:20 of 2nd period - Mikael Backlund wins face-off versus Matt Duchene in Golden Knights zone.
18:43 of 2nd period - Shot by Matthew Tkachuk.
18:43 of 2nd period - Shot Misses the Net.
18:47 of 2nd period - Shot by Mikael Backlund.
18:47 of 2nd period - Shot Misses the Net.
18:53 of 2nd period - Shot by Matthew Tkachuk.
18:53 of 2nd period - Shot Misses the Net.
18:55 of 2nd period - Shot by Noah Hanifin.
18:55 of 2nd period - Goal by Noah Hanifin - Golden Knights : 1 - Flames : 2.
18:56 of 2nd period - Adam Gaudette wins face-off versus Elias Lindholm in neutral zone.
19:14 of 2nd period - Icing by Anthony Duclair.
19:15 of 2nd period - Adam Gaudette wins face-off versus Mikael Backlund in Golden Knights zone.
19:24 of 2nd period - Shot by Marco Scandella.
19:24 of 2nd period - Shot Misses the Net.
19:46 of 2nd period - Shot by Elias Lindholm.
19:46 of 2nd period - Stopped by Jonathan Bernier without a rebound.
19:47 of 2nd period - Jordan Martinook wins face-off versus Mikael Backlund in Golden Knights zone.
Goals for this period are 0 for Golden Knights vs 2 for Flames.
Shots for this period are 9 for Golden Knights vs 9 for Flames.

3rd period


0:01 of 3rd period - Anze Kopitar wins face-off versus Matt Duchene in neutral zone.
0:04 of 3rd period - Matt Tennyson is hit by Elias Lindholm and loses puck.
0:10 of 3rd period - Adam Gaudette is hit by Patrik Laine and loses puck.
0:59 of 3rd period - Rasmus Andersson is hit by Blake Coleman.
1:41 of 3rd period - Shot by Blake Comeau.
1:41 of 3rd period - Shot Misses the Net.
1:43 of 3rd period - Shot by Matt Tennyson.
1:43 of 3rd period - Shot Misses the Net.
1:45 of 3rd period - Shot by Evgenii Dadonov.
1:45 of 3rd period - Deflect By Matt Duchene.
1:45 of 3rd period - Shot Blocked by Esa Lindell.
2:26 of 3rd period - Cody Eakin is hit by Erik Gudbranson and loses puck.
2:34 of 3rd period - Icing by Marco Scandella.
2:35 of 3rd period - Jordan Martinook wins face-off versus Anze Kopitar in Flames zone.
2:37 of 3rd period - Minor Penalty to Erik Gudbranson for Delaying the game.
2:38 of 3rd period - Andrew Copp wins face-off versus Blake Coleman in Flames zone.
4:02 of 3rd period - Derek Stepan is hit by Blake Comeau and loses puck.
4:45 of 3rd period - Shot by Kyle Palmieri.
4:45 of 3rd period - Shot Blocked by Joel Edmundson.
4:47 of 3rd period - Shot by Elias Lindholm.
4:47 of 3rd period - Shot Misses the Net.
4:49 of 3rd period - Shot by Kyle Palmieri.
4:49 of 3rd period - Deflect By Elias Lindholm.
4:49 of 3rd period - Stopped by Jonathan Bernier without a rebound.
4:50 of 3rd period - Luke Glendening wins face-off versus Anze Kopitar in Golden Knights zone.
5:23 of 3rd period - Shot by Adam Gaudette.
5:23 of 3rd period - Shot Misses the Net.
5:40 of 3rd period - Off-side.
5:41 of 3rd period - Elias Lindholm wins face-off versus Matt Duchene in neutral zone.
5:54 of 3rd period - Icing by Cale Makar.
5:55 of 3rd period - Matt Duchene wins face-off versus Matthew Tkachuk in Golden Knights zone.
5:55 of 3rd period - Matt Duchene is hit by Andrew Copp.
6:09 of 3rd period - Shot by Evgenii Dadonov.
6:09 of 3rd period - Shot Misses the Net.
6:30 of 3rd period - Tyler Myers is hit by Erik Gudbranson and loses puck.
6:37 of 3rd period - Shot by Matthew Tkachuk.
6:37 of 3rd period - Shot Blocked by Tyler Myers.
8:33 of 3rd period - Shot by Paul Stastny.
8:33 of 3rd period - Shot Misses the Net.
9:02 of 3rd period - Off-side.
9:03 of 3rd period - Mikael Backlund wins face-off versus Matt Duchene in neutral zone.
9:06 of 3rd period - Tyler Myers is hit by Matthew Tkachuk and loses puck.
9:35 of 3rd period - Shot by Blake Comeau.
9:35 of 3rd period - Shot Blocked by Noah Hanifin.
10:29 of 3rd period - Shot by Elias Lindholm.
10:29 of 3rd period - Shot Misses the Net.
10:35 of 3rd period - Shot by Esa Lindell.
10:35 of 3rd period - Stopped by Jonathan Bernier without a rebound.
10:36 of 3rd period - Anze Kopitar wins face-off versus Blake Coleman in Golden Knights zone.
10:49 of 3rd period - Shot by Blake Coleman.
10:49 of 3rd period - Stopped by Mackenzie Blackwood without a rebound.
10:50 of 3rd period - Jordan Martinook wins face-off versus Derek Stepan in Flames zone.
11:17 of 3rd period - Shot by Derek Stepan.
11:17 of 3rd period - Stopped by Jonathan Bernier without a rebound.
11:18 of 3rd period - Mikael Backlund wins face-off versus Blake Coleman in Golden Knights zone.
11:21 of 3rd period - Shot by Matthew Tkachuk.
11:21 of 3rd period - Shot Blocked by Matt Tennyson.
11:23 of 3rd period - Shot by Matthew Tkachuk.
11:23 of 3rd period - Stopped by Jonathan Bernier without a rebound.
11:24 of 3rd period - Mikael Backlund wins face-off versus Blake Coleman in Golden Knights zone.
11:29 of 3rd period - Shot by Matthew Tkachuk.
11:29 of 3rd period - Shot Misses the Net.
11:38 of 3rd period - Minor Penalty to Mark Pysyk for Hooking.
11:39 of 3rd period - Anze Kopitar wins face-off versus Blake Coleman in Golden Knights zone.
14:08 of 3rd period - Shot by Max Comtois.
14:08 of 3rd period - Stopped by Mackenzie Blackwood without a rebound.
14:09 of 3rd period - Elias Lindholm wins face-off versus Cody Eakin in Flames zone.
14:11 of 3rd period - Icing by Kyle Palmieri.
14:12 of 3rd period - Cody Eakin wins face-off versus Elias Lindholm in Flames zone.
14:21 of 3rd period - Noah Hanifin is hit by Cody Eakin and loses puck.
14:25 of 3rd period - Icing by Noah Hanifin.
14:26 of 3rd period - Blake Coleman wins face-off versus Kyle Palmieri in Flames zone.
14:34 of 3rd period - Icing by Noah Hanifin.
14:35 of 3rd period - Elias Lindholm wins face-off versus Matt Duchene in Flames zone.
14:46 of 3rd period - Shot by Rasmus Andersson.
14:46 of 3rd period - Stopped by Jonathan Bernier without a rebound.
14:47 of 3rd period - Mikael Backlund wins face-off versus Blake Coleman in Golden Knights zone.
16:46 of 3rd period - Max Comtois is hit by Erik Gudbranson and loses puck.
16:57 of 3rd period - Shot by Elias Lindholm.
16:57 of 3rd period - Shot Blocked by Jake Walman.
16:59 of 3rd period - Shot by Elias Lindholm.
16:59 of 3rd period - Goal by Elias Lindholm - Golden Knights : 1 - Flames : 3.
17:00 of 3rd period - Calle Jarnkrok wins face-off versus Luke Glendening in neutral zone.
17:09 of 3rd period - Adam Gaudette is hit by Esa Lindell.
17:36 of 3rd period - Cale Makar is hit by Esa Lindell and loses puck.
17:39 of 3rd period - Shot by Luke Glendening.
17:39 of 3rd period - Goal by Luke Glendening - Golden Knights : 2 - Flames : 3.
17:40 of 3rd period - Mikael Backlund wins face-off versus Blake Coleman in neutral zone.
18:00 of 3rd period - Icing by Anthony Duclair.
18:01 of 3rd period - Blake Coleman wins face-off versus Anze Kopitar in Golden Knights zone.
18:16 of 3rd period - Shot by Artem Anisimov.
18:16 of 3rd period - Stopped by Mackenzie Blackwood without a rebound.
18:17 of 3rd period - Matt Duchene wins face-off versus Andrew Copp in Flames zone.
18:44 of 3rd period - Icing by Cale Makar.
18:45 of 3rd period - Anze Kopitar wins face-off versus Matt Duchene in Golden Knights zone.
18:48 of 3rd period - Shot by Patrik Laine.
18:48 of 3rd period - Shot Blocked by Cale Makar.
18:53 of 3rd period - Evgenii Dadonov is hit by Marco Scandella and loses puck.
19:00 of 3rd period - Golden Knights, Jonathan Bernier is pulled from the net.
19:10 of 3rd period - Shot by Evgenii Dadonov.
19:10 of 3rd period - Stopped by Mackenzie Blackwood with a rebound.
19:17 of 3rd period - Icing by Erik Gudbranson.
19:18 of 3rd period - Blake Coleman wins face-off versus Anze Kopitar in Flames zone.
19:19 of 3rd period - Shot by Anthony Duclair.
19:19 of 3rd period - Shot Blocked by Erik Gudbranson.
19:26 of 3rd period - Icing by Blake Coleman.
19:27 of 3rd period - Jonathan Bernier from Golden Knights was sent back in the game.
19:27 of 3rd period - Derek Stepan wins face-off versus Blake Coleman in Golden Knights zone.
19:57 of 3rd period - Shot by Elias Lindholm.
19:57 of 3rd period - Stopped by Jonathan Bernier without a rebound.
19:58 of 3rd period - Anthony Duclair wins face-off versus Andrew Copp in Golden Knights zone.
Goals for this period are 1 for Golden Knights vs 1 for Flames.
Shots for this period are 5 for Golden Knights vs 7 for Flames.